[Event "12th Philadelphia Open"]
[Site "Philadelphia"]
[Date "2018.04.01"]
[Round "9"]
[White "Panda, Vedic"]
[Black "Lee, Jayden Z"]
[Result "1/2-1/2"]
[ECO "E81"]
[WhiteElo "2021"]
[BlackElo "1807"]
[PlyCount "79"]
[EventDate "2018.03.??"]
[EventType "swiss"]
[EventRounds "9"]
[EventCountry "USA"]
[TimeControl "5400+30"]

1. d4 Nf6 2. c4 g6 3. f3 Bg7 4. e4 d6 5. Nc3 O-O 6. Nge2 a6 7. Be3 Nbd7 8. Qd2
c5 9. d5 b5 10. cxb5 Qa5 11. a4 Nb6 12. Nc1 axb5 13. Bxb5 Ba6 14. Bxa6 Qxa6 15.
Qe2 Nc4 16. Bf2 Rfb8 17. Nd3 Nxb2 18. Nxb2 Qxe2+ 19. Nxe2 Rxb2 20. Be3 Nd7 21.
Kf2 Nb6 22. Rhb1 Rxa4 23. Rxb2 Bxb2 24. Rb1 Nc4 25. Bh6 Rb4 26. Rd1 Ne5 27. h3
f6 28. Bc1 Bxc1 29. Nxc1 Rb2+ 30. Ne2 c4 31. Ra1 c3 32. Ra8+ Kg7 33. Rc8 c2 34.
Ke3 c1=Q+ 35. Rxc1 Rb3+ 36. Rc3 Rxc3+ 37. Nxc3 g5 38. g4 Nc4+ 39. Kd3 Ne5+ 40.
Ke3 1/2-1/2

[Event "12th Philadelphia Open"]
[Site "Philadelphia"]
[Date "2018.04.01"]
[Round "9"]
[White "Sevian, Samuel"]
[Black "Katz, Alexander"]
[Result "1-0"]
[ECO "B07"]
[WhiteElo "2619"]
[BlackElo "2347"]
[PlyCount "63"]
[EventDate "2018.03.??"]
[EventType "swiss"]
[EventRounds "9"]
[EventCountry "USA"]
[TimeControl "5400+30"]

1. e4 d6 2. d4 Nf6 3. Nc3 g6 4. Be3 c6 5. Qd2 b5 6. Bd3 e5 7. Nf3 exd4 8. Bxd4
Bg7 9. O-O O-O 10. Be3 Re8 11. Bh6 Bh8 12. Rae1 Nbd7 13. h3 Nc5 14. Ng5 b4 15.
Nd1 Nxd3 16. cxd3 Ba6 17. Qxb4 Qb6 18. Qa3 Nh5 19. Nf3 Qb5 20. Nc3 Bxc3 21.
bxc3 Qxd3 22. Rd1 Qb5 23. Rfe1 d5 24. c4 Qb7 25. Rb1 Qc8 26. cxd5 cxd5 27. Rec1
Bc4 28. exd5 Qa6 29. Qxa6 Bxa6 30. Rb3 Be2 31. Nd4 Nf6 32. Be3 1-0

[Event "12th Philadelphia Open"]
[Site "Philadelphia"]
[Date "2018.04.01"]
[Round "9"]
[White "Shetty, Atulya"]
[Black "Hua, Eugene"]
[Result "1/2-1/2"]
[ECO "A37"]
[WhiteElo "2391"]
[BlackElo "2314"]
[PlyCount "107"]
[EventDate "2018.03.??"]
[EventType "swiss"]
[EventRounds "9"]
[EventCountry "USA"]
[TimeControl "5400+30"]

1. c4 c5 2. g3 Nc6 3. Bg2 g6 4. Nc3 Bg7 5. Nf3 e5 6. O-O d6 7. a3 Nge7 8. b4 e4
9. Ne1 f5 10. Rb1 cxb4 11. axb4 Be6 12. Qb3 d5 13. cxd5 Nxd5 14. Nxd5 Bxd5 15.
Qa4 O-O 16. Bb2 Bxb2 17. Rxb2 Qf6 18. Qa3 Ne5 19. d3 Rfc8 20. Rc2 Qb6 21. Rc5
Rxc5 22. bxc5 Qe6 23. dxe4 fxe4 24. Nc2 Nc4 25. Qc3 Rc8 26. Qd4 Qe5 27. Qxe5
Nxe5 28. Nb4 Bc4 29. Bxe4 Bxe2 30. Rc1 Bf3 31. Bxf3 Nxf3+ 32. Kg2 Nd2 33. Ra1
Rxc5 34. Rxa7 Rb5 35. Nd3 Kf7 36. f4 Kf6 37. Ra8 Rb3 38. Rd8 b6 39. g4 Nc4 40.
Kf2 h5 41. h3 hxg4 42. hxg4 Ke6 43. Ke2 Nd6 44. Rg8 Kf7 45. Rb8 Nc4 46. Rb7+
Kf8 47. Rc7 b5 48. Nc5 Re3+ 49. Kf2 Re7 50. Rc8+ Kf7 51. Rb8 Nd6 52. Kg3 Rc7
53. Na6 Rc8 54. Rxc8 1/2-1/2

[Event "12th Philadelphia Open"]
[Site "Philadelphia"]
[Date "2018.04.01"]
[Round "9"]
[White "Wegerle, Joerg"]
[Black "Balakrishnan, Praveen"]
[Result "0-1"]
[ECO "A46"]
[WhiteElo "2424"]
[BlackElo "2405"]
[PlyCount "109"]
[EventDate "2018.03.??"]
[EventType "swiss"]
[EventRounds "9"]
[EventCountry "USA"]
[TimeControl "5400+30"]

1. d4 Nf6 2. Nf3 e6 3. Bg5 h6 4. Bxf6 Qxf6 5. e4 d5 6. Nbd2 g6 7. Bd3 Bg7 8.
exd5 exd5 9. O-O O-O 10. c3 Nc6 11. Qb3 Qd6 12. Rfe1 b6 13. Re2 Bd7 14. Rae1
Rfe8 15. Qd1 Rxe2 16. Rxe2 Re8 17. Rxe8+ Bxe8 18. Qe2 Kf8 19. h3 Qe7 20. Kf1
Qxe2+ 21. Kxe2 Ke7 22. Nf1 Kd6 23. Ne3 Nd8 24. h4 Ne6 25. g3 c5 26. dxc5+ bxc5
27. h5 c4 28. Bc2 Kc5 29. b4+ cxb3 30. Bxb3 d4 31. cxd4+ Nxd4+ 32. Nxd4 Kxd4
33. hxg6 fxg6 34. f4 a5 35. Kd2 Bf8 36. Be6 Bb5 37. Ng4 Bg7 38. Ne3 Bf8 39. Ng4
Ke4 40. Ne5 g5 41. Ng6 Bb4+ 42. Kc2 Kf3 43. fxg5 hxg5 44. g4 Bd6 45. Nh8 Kf4
46. Nf7 Bf8 47. Kb3 Bb4 48. a3 Be7 49. Nh8 Be8 50. a4 Ke5 51. Bf7 Bd7 52. Bh5
Bb4 53. Nf7+ Kf4 54. Nh6 Bf8 55. Nf5 0-1

[Event "12th Philadelphia Open"]
[Site "Philadelphia"]
[Date "2018.04.01"]
[Round "9"]
[White "Wong, Jianwen"]
[Black "Goletiani, Rusudan"]
[Result "1/2-1/2"]
[ECO "A01"]
[WhiteElo "2153"]
[BlackElo "2306"]
[PlyCount "111"]
[EventDate "2018.03.??"]
[EventType "swiss"]
[EventRounds "9"]
[EventCountry "USA"]
[TimeControl "5400+30"]

1. b3 e5 2. Bb2 d6 3. e3 Nf6 4. d4 Qe7 5. c4 exd4 6. Bxd4 Nc6 7. Bb2 Bf5 8. Nc3
O-O-O 9. Nf3 d5 10. cxd5 Nb4 11. Nd4 Be4 12. Nxe4 Qxe4 13. a3 Nfxd5 14. Qb1
Qxb1+ 15. Rxb1 c5 16. axb4 cxd4 17. Bxd4 Bxb4+ 18. Ke2 f6 19. Kf3 Kb8 20. Rc1
Ne7 21. Rc4 Nc6 22. Bd3 Bd6 23. Bf5 Be5 24. Bc5 Rd2 25. Rc2 Rxc2 26. Bxc2 g6
27. h4 Rc8 28. Be4 f5 29. Bd5 Bf6 30. Kf4 Rd8 31. Bxc6 bxc6 32. h5 Rd2 33. hxg6
hxg6 34. e4 Bd4 35. Bxd4 Rxd4 36. Re1 Rb4 37. Re3 Kc7 38. Ke5 fxe4 39. g4 a5
40. Ke6 g5 41. Kf6 Kd6 42. Kxg5 Kd5 43. Kf4 a4 44. bxa4 Rxa4 45. g5 Ra2 46. f3
exf3 47. Rxf3 c5 48. g6 Rg2 49. Kf5 c4 50. Kf6 Kd4 51. Rf4+ Kd3 52. Rf3+ Kd2
53. g7 c3 54. Rxc3 Kxc3 55. Kf7 Rxg7+ 56. Kxg7 1/2-1/2

[Event "12th Philadelphia Open"]
[Site "Philadelphia"]
[Date "2018.04.01"]
[Round "9"]
[White "Yanayt, Eugene"]
[Black "Der Manuelian, Haik"]
[Result "1/2-1/2"]
[ECO "D30"]
[WhiteElo "2127"]
[BlackElo "2279"]
[PlyCount "38"]
[EventDate "2018.03.??"]
[EventType "swiss"]
[EventRounds "9"]
[EventCountry "USA"]
[TimeControl "5400+30"]

1. d4 d5 2. c4 e6 3. Nf3 Nf6 4. g3 Be7 5. Bg2 O-O 6. O-O dxc4 7. Qc2 a6 8. a4
Bd7 9. Rd1 Bc6 10. Nc3 Nbd7 11. e4 b5 12. d5 exd5 13. exd5 Bb7 14. axb5 axb5
15. Rxa8 Bxa8 16. Nd4 b4 17. Nc6 Bxc6 18. dxc6 bxc3 19. Qxc3 Bd6 1/2-1/2

[Event "12th Philadelphia Open"]
[Site "Philadelphia"]
[Date "2018.04.01"]
[Round "9"]
[White "Yanovsky, Vlad"]
[Black "Liang, Hairan"]
[Result "1/2-1/2"]
[ECO "B34"]
[WhiteElo "2112"]
[BlackElo "2173"]
[PlyCount "27"]
[EventDate "2018.03.??"]
[EventType "swiss"]
[EventRounds "9"]
[EventCountry "USA"]
[TimeControl "5400+30"]

1. e4 c5 2. Nf3 Nc6 3. d4 cxd4 4. Nxd4 g6 5. Nc3 Bg7 6. Be3 Nf6 7. Nxc6 bxc6 8.
e5 Ng8 9. Bd4 Nh6 10. e6 O-O 11. Bxg7 Kxg7 12. exd7 Qxd7 13. Qxd7 Bxd7 14.
O-O-O 1/2-1/2

[Event "12th Philadelphia Open"]
[Site "Philadelphia"]
[Date "2018.04.01"]
[Round "9"]
[White "Zhou, Aiden"]
[Black "Liu, Zhanhe"]
[Result "1/2-1/2"]
[ECO "A80"]
[WhiteElo "1977"]
[BlackElo "2011"]
[PlyCount "66"]
[EventDate "2018.03.??"]
[EventType "swiss"]
[EventRounds "9"]
[EventCountry "USA"]
[TimeControl "5400+30"]

1. d4 f5 2. Nf3 Nf6 3. g3 g6 4. Bg2 Bg7 5. O-O O-O 6. b3 d6 7. Bb2 c6 8. c4 Na6
9. Nbd2 Kh8 10. Qc2 Nc7 11. Nh4 Qe8 12. e4 fxe4 13. Nxe4 Nxe4 14. Bxe4 Bh3 15.
Rfe1 e6 16. f4 Qd7 17. Nf3 Bf5 18. Bxf5 exf5 19. Re3 Rae8 20. Rae1 Rxe3 21.
Rxe3 Re8 22. Qe2 Rxe3 23. Qxe3 Qe6 24. Qxe6 Nxe6 25. Kf2 Kg8 26. Ke3 c5 27. Bc3
cxd4+ 28. Bxd4 a6 29. Bxg7 Kxg7 30. b4 Kf6 31. Nd4 Nc7 32. a4 h5 33. b5 Ke7
1/2-1/2

[Event "12th Philadelphia Open"]
[Site "Philadelphia"]
[Date "2018.04.01"]
[Round "9.1"]
[White "Li, Ruifeng"]
[Black "Pedersen, Christian Kyndel"]
[Result "1-0"]
[ECO "B26"]
[WhiteElo "2585"]
[BlackElo "2405"]
[PlyCount "71"]
[EventDate "2018.03.??"]
[EventType "swiss"]
[EventRounds "9"]
[EventCountry "USA"]
[TimeControl "5400+30"]
[WhiteClock "1:03:13"]
[BlackClock "0:05:47"]

1. e4 c5 2. Nc3 d6 3. g3 Nc6 4. Bg2 g6 5. d3 Bg7 6. Be3 e6 7. Qd2 Nd4 8.
Nce2 h6 9. c3 Nc6 10. h3 Nge7 11. Nf3 b6 12. O-O Bb7 13. d4 Na5 14. Qc2 O-O 15. Rad1 Nc4 16. Bc1 cxd4 17. Nfxd4 a6 18. b3 Na5 19. f4 Nec6 20. Nxc6 Bxc6 21. Ba3 Nb7 22. Nd4 Bxd4+ 23. Rxd4 Qc7 24. Qd2 Rfd8 25. f5 Kh7 26. Bc1 g5 27. fxe6 fxe6 28. Rf6 e5 29. Qf2 Rd7 30. Qf5+ Kg8 31. Qe6+ Kh8 32. Rxh6+ Rh7 33. Bxg5 Rxh6 34. Qxh6+ Qh7 35. Qe6 Qd7 36. Qg6 1-0

[Event "12th Philadelphia Open"]
[Site "Philadelphia"]
[Date "2018.04.01"]
[Round "9.2"]
[White "Panchanatham, Vignesh"]
[Black "Zhou, Jianchao"]
[Result "1/2-1/2"]
[ECO "D31"]
[WhiteElo "2384"]
[BlackElo "2611"]
[PlyCount "61"]
[EventDate "2018.03.??"]
[EventType "swiss"]
[EventRounds "9"]
[EventCountry "USA"]
[TimeControl "5400+30"]
[WhiteClock "0:34:50"]
[BlackClock "0:06:32"]

1. d4 d5 2. c4 e6 3. Nc3 a6 4. cxd5 exd5 5. Nf3 Be7 6. Bf4 Nf6 7. Qc2 c6 8. e3 Bg4 9. Bd3 Nbd7 10. Ne5 Nxe5 11. Bxe5 Bd6 12. h3 Be6 13. O-O-O Rc8 14. Kb1 c5 15. Qa4+ Kf8 16. Bxd6+ Qxd6 17. dxc5 Qxc5 18. Rc1 Qd6 19. Qd4 Ke7 20. g4 Qc5 21. Qf4 Qd6 22. Rhe1 Qxf4 23. exf4 Kd6 24. Rcd1 g6 25. Bc2 Rhd8 26. Bb3 Kc5 27. Re5 Nd7 28. Re2 Nb6 29. Re5 Nd7 30. Re2 Nf6 31. Re5 1/2-1/2

[Event "12th Philadelphia Open"]
[Site "Philadelphia"]
[Date "2018.04.01"]
[Round "9.3"]
[White "Shabalov, Alexander"]
[Black "Popilski, Gil"]
[Result "1/2-1/2"]
[ECO "E11"]
[WhiteElo "2568"]
[BlackElo "2502"]
[PlyCount "45"]
[EventDate "2018.03.??"]
[EventType "swiss"]
[EventRounds "9"]
[EventCountry "USA"]
[TimeControl "5400+30"]
[WhiteClock "0:31:27"]
[BlackClock "1:52:39"]

1. d4 Nf6 2. c4 e6 3. Nf3 Bb4+ 4. Nbd2 c5 5. dxc5 O-O 6. g3 Nc6 7. Bg2 Bxc5 8. O-O d5 9. a3 a5 10. e3 a4 11. Qc2 Qe7 12. Rd1 Rd8 13.
b4 axb3 14. Nxb3 Bd6 15. cxd5 exd5 16. a4 Bg4 17. Qe2 Ne4 18. Bb2 Bb4 19. h3 Bh5 20. Nbd4 Nc3 21. Bxc3 Bxc3 22. Nxc6 bxc6 23. Rac1 1/2-1/2

[Event "12th Philadelphia Open"]
[Site "Philadelphia"]
[Date "2018.04.01"]
[Round "9.4"]
[White "Hong, Andrew"]
[Black "Azarov, Sergei"]
[Result "1/2-1/2"]
[ECO "C93"]
[WhiteElo "2365"]
[BlackElo "2570"]
[PlyCount "97"]
[EventDate "2018.03.??"]
[EventType "swiss"]
[EventRounds "9"]
[EventCountry "USA"]
[TimeControl "5400+30"]
[WhiteClock "0:11:21"]
[BlackClock "0:22:59"]

1. e4 e5 2. Nf3 Nc6 3. Bb5 a6 4. Ba4 Nf6 5. O-O Be7 6. Re1 b5 7. Bb3 d6 8. c3 O-O 9. h3 h6 10. d4 Re8 11. Nbd2 Bf8 12. a4 Bd7 13. Bc2 exd4 14. cxd4 Nb4 15. Bb1 bxa4 16. Nf1 d5 17. e5 Ne4 18. N1d2 Nxd2 19. Bxd2 a5 20. Ra3 c5 21. dxc5 Bxc5 22. Be3 Bf8 23. Bf4 Qb6 24. Nh2 d4 25. Rg3 d3 26. Rxd3 Bf5 27. Rd2 Bxb1 28. Qxb1 Rad8 29. Red1 Rxd2 30. Rxd2 Rd8 31. e6 Rxd2 32. exf7+ Kxf7 33. Bxd2 Qg6 34. Qd1 Qc2 35. Qf3+ Kg8 36. Bc3 a3 37. bxa3 Qc1+ 38. Nf1 Qxa3 39. Nd2 Qa2 40. Qe4 Qf7 41. Nc4 a4 42. Bxb4 Bxb4 43. Nb2 Qb3 44. Qa8+ Kh7 45. Nxa4 Qd1+ 46. Kh2 Qd4 47. Qf3 Bd6+ 48. g3 Bxg3+ 49. fxg3 1/2-1/2